AoeStats
← YO MAMA

Arabia

510340562Analyzed
1v1 RM · 3d ago on Sep 30, 2026· 21m 58s· 2 players
Game mode
Random Map
Map size
Tiny (2 player)
Population
200
Speed
Normal
Resources
Standard
Victory
Conquest
Starting age
Dark Age
Ending age
Imperial Age
RankedLock teamsTeams togetherTeam positionsShared explorationLock speedFull tech treeHidden civsTurbo modeCheats
Victory
Defeat
🇨🇿 Tatars · Czechia
1421
+15
🇧🇷 Varangians · Brazil
1402
-15
[LCDR]Zuru
5:41 Loom
8:53 Feudal Age
9:29 Double-Bit Axe
14:54 Bloodlines
21:30 Castle Age
19:44 Horse Collar
20:50 Forging
21:13 Scale Barding Armor
21:36 Light Cavalry
YO MAMA
6:19 Loom
9:41 Feudal Age
10:17 Double-Bit Axe
20:29 Castle Age
19:31 Bloodlines
19:34 Forging
20:10 Fletching
21:12 Bodkin Arrow
22:11 Husbandry
Connection lost

Rejoining the realm…

Still unreachable

The connection could not be restored.

Session expired

The server has moved on; the page needs a fresh start.